 Dungeon Crawl Stone Soup version 0.19.0 (webtiles) character file.

635728 gg19 the Wrestler (level 27, -9/278 (284) HPs)
             Began as a Troll Monk on Nov 11, 2016.
             Was a High Priest of Qazlal.
             Killed from afar by a yellow draconian zealot (28 damage)
             ... with damnation
             ... on level 2 of the Realm of Zot.
             The game lasted 02:52:56 (50436 turns).

gg19 the Wrestler (Troll Monk)                     Turns: 50436, Time: 02:52:56

HP:   -9/278 (284)  AC: 41    Str: 39    XL:     27
MP:   39/39         EV: 14    Int:  6    God:    Qazlal [*****.]
Gold: 5996          SH: 43    Dex: 17    Spells: 0 memorised, 26 levels left

rFire  + + .     SeeInvis .       - Unarmed
rCold  + + +     Gourm    +     S - +11 gold dragon scales
rNeg   . . .     Faith    .     E - +1 large shield {rC+}
rPois  +         Spirit   .     R - +1 hat
rElec  .         Reflect  +     v - +0 cloak {rF+}
rCorr  .         Harm     .     (gloves unavailable)
MR     ++++.     Clarity  +     (boots unavailable)
Stlth  ..........               F - +6 amulet of reflection
                                Z - ring "Cexusoli" {rC+ MR+ Str+4 Stlth+}
                                B - +4 ring of strength

@: protected from physical damage, repel missiles
A: unfitting armour, claws 3, hooves 1, horns 2, large bone plates 1, clarity,
fast metabolism 3, gourmand, high mp 1, magic resistance 1, regeneration 1,
shaggy fur 2, tough skin 2
a: Upheaval, Elemental Force, Disaster Area, Renounce Religion
}: 3/15 runes: decaying, serpentine, silver


You were on level 2 of the Realm of Zot.
You worshipped Qazlal.
Qazlal was extremely pleased with you.
You were very full.

You visited 10 branches of the dungeon, and saw 47 of its levels.
You visited the Abyss 1 time.
You also visited: Ice Cave and Volcano.

You collected 8819 gold pieces.
You spent 2823 gold pieces at shops.

Inventory:

Armour
 p - a +1 large shield of positive energy
 v - a +0 cloak of fire resistance (worn)
 E - a +1 large shield of cold resistance (worn)
 R - a +1 hat (worn)
 S - +11 gold dragon scales (worn)
Rods
 L - a +4 rod of shadows (12/12)
   (You took it off a deep elf death mage on level 3 of the Elven Halls)
Jewellery
 e - an uncursed amulet of regeneration
 j - the ring "Ereop" {rF- Int+8 Dex+5 SInv}
   (You acquired it on level 5 of the Depths)

   [ring of see invisible]

   It affects your intelligence (+8).
   It affects your dexterity (+5).
   It makes you vulnerable to fire.
   It lets you see invisible.
 B - a +4 ring of strength (left claw)
 F - a +6 amulet of reflection (around neck)
 J - an uncursed ring of protection from fire
 N - the ring of Hach {+Blink rPois Int-5 Stlth+}
   (You bought it in a shop on level 2 of the Vaults)

   [ring of stealth]

   It affects your intelligence (-5).
   It protects you from poison.
   It lets you blink.
   It makes you more stealthy.
 P - the ring of Mustrigro {*Slow rElec AC+1 Int+7 Slay+3, unknown}
   (You took it off a deep elf blademaster on level 3 of the Elven Halls)

   [ring of protection]

   It affects your AC (+1).
   It affects your intelligence (+7).
   It affects your accuracy and damage with ranged weapons and melee attacks
   (+3).
   It insulates you from electricity.
   It may slow you when you take damage.
 V - an uncursed ring of protection from cold
 Z - the ring "Cexusoli" (right claw) {rC+ MR+ Str+4 Stlth+}
   (You acquired it on level 5 of the Depths)

   [ring of protection from cold]

   It affects your strength (+4).
   It protects you from cold.
   It affects your resistance to hostile enchantments.
   It makes you more stealthy.
Wands
 y - a wand of teleportation (6/9)
 A - a wand of digging (12/24)
 G - a wand of digging (13/24)
 T - a wand of digging (19/24)
Scrolls
 b - a scroll of blinking
 d - 5 scrolls of recharging
 g - 2 scrolls of silence
 k - 19 scrolls of identify
 l - 24 scrolls of remove curse
 m - a scroll of immolation
 t - a scroll of holy word
 C - 6 scrolls of magic mapping
 I - 10 scrolls of teleportation
 K - 11 scrolls of fog
 W - 5 scrolls of fear
Potions
 a - 4 potions of cure mutation
 f - a potion of haste
 i - 7 potions of mutation
 n - 10 potions of curing
 o - 3 potions of agility
 s - a potion of magic {unknown}
 x - 5 potions of invisibility
 z - 4 potions of flight
 H - 7 potions of might
 M - a potion of berserk rage
 O - 6 potions of resistance
 U - 5 potions of cancellation
 X - 2 potions of heal wounds
Books
 u - Sif Muna's Collected Works on Fire
   (You found it on level 3 of the Swamp)

   Spells                             Type                      Level
   a - Flame Tongue                   Conjuration/Fire             1
   b - Conjure Flame                  Conjuration/Fire             3
   c - Ignite Poison                  Fire/Transmutation/Poison    3
   d - Delayed Fireball               Conjuration/Fire             7
Miscellaneous
 w - a phantom mirror
Comestibles
 c - 19 bread rations
 h - 28 meat rations
 q - 19 slices of pizza
 r - 25 fruits


   Skills:
 + Level 18.3 Fighting
 + Level 15.6 Armour
 + Level 14.8 Dodging
 - Level 1.0 Stealth
 - Level 16.2 Shields
 + Level 24.4 Unarmed Combat
 + Level 18.8 Invocations


You had 26 spell levels left.
You didn't know any spells.

Dungeon Overview and Level Annotations

Branches:
Dungeon (15/15)            Temple (1/1) D:7            Lair (6/6) D:11
  Swamp (4/4) Lair:3        Snake (4/4) Lair:3        Slime (0/5) Lair:6
    Orc (2/2) D:12            Elf (3/3) Orc:2        Vaults (5/5) D:14
  Crypt (0/3) Vaults:3     Depths (5/5) D:15            Zot (2/5) Depths:5

Altars:
Ashenzari
Cheibriados
Dithmenos
Elyvilon
Fedhas
Gozag
Hepliaklqana
Kikubaaqudgha
Makhleb
Nemelex Xobeh
Okawaru
Qazlal
Ru
Sif Muna
Trog
Uskayaw
Vehumet
Xom
Yredelemnul
Zin
The Shining One

Shops:
D:7 =   D:9 *}((   D:11 *   D:13 :   Orc:2 [*(:   Elf:1 *   Snake:2 !!}((
Snake:3 }}=   Vaults:2 %:=   Vaults:5 *   Depths:5 %

Portals:
Hell: Depths:1 Depths:2 Depths:3 Depths:4 Depths:5
Abyss: Depths:4 Depths:5
Pandemonium: Depths:3 Depths:5
Ziggurat: Depths:3

Annotations:
D:8 3 exclusions


Innate Abilities, Weirdness & Mutations

You are too large for most types of armour.
You have claws for hands.
Your metabolism is lightning-fast.
You like to eat raw meat.
Your natural rate of healing is unusually fast.
You are covered in thick fur. (AC +2)
You have very tough skin. (AC +2)
You have large cloven feet.
You have a pair of horns on your head.
You are partially covered in large bone plates. (SH +4)
You possess an exceptional clarity of mind.
You have an increased reservoir of magic. (+10% MP)
You are resistant to hostile enchantments. (MR+)


Message History

a long sword; a glowing cloak The ice devil disappears in a puff of smoke!
The purple draconian breathes dispelling energy at you.
The bolt of dispelling energy hits you!
You feel strangely stable.
The yellow draconian zealot calls down the wrath of its god upon you.
Something smites you!
* * * LOW HITPOINT WARNING * * *
The yellow draconian zealot calls down the wrath of its god upon you.
Something smites you!
* * * LOW HITPOINT WARNING * * *
The purple draconian breathes dispelling energy at you.
The bolt of dispelling energy is repelled.
You see here 26 stones.
The yellow draconian zealot mumbles some strange prayers to its god against you.
The sphere of damnation explodes!
The damnation engulfs you!
* * * LOW HITPOINT WARNING * * *
The yellow draconian zealot mumbles some strange prayers to its god against you.
The sphere of damnation explodes!
The damnation engulfs you!
You die...

*,*
#.)(......#####...#
*****,******
#..####...# #../.
,,,,,,,,,,,*
#..####...# #...#
,,,,,,,,,,,*
#....##?..# #...#
,,,,,,,,,,,*
#..<.##...# #...#
,,,,,,,,,,,*
#....##########...#
,,,,,,,,,,,*
#.................#
,,,,,,,,,,**
#ยงยง..#####........#
,,,,,,,,,,* #.@..#
#.......##
,,,,,,,,,,* #.####
#.......# ,,,,,,,,,,*
#.# #......##
,,,,,,,,,,* #d#
#......#
,,,,,,,,,,****#.#
#......#
,,,,,,,,,,,,,*#.#
#......#
,*******,,,,,*#q#
#......### ,*
*,,,,,*#q# #.........
,* *,,,,,*#.#
#......##.


You could see a purple draconian and 2 draconians.

Vanquished Creatures
  Mara (Vaults:5)
  3 ancient liches
  4 juggernauts
  Boris (Depths:2)
  Sojobo (Depths:1)
  Frederick (Vaults:4)
  Vashnia (Snake:3)
  The ghost of chequers the Brawler, an adept TrMo of Okawaru (Vaults:5)
  5 caustic shrikes
  the Enchantress (Depths:2)
  6 golden dragons
  A bone dragon (Swamp:4)
  15 tentacled monstrosities
  2 liches
  2 deep elf blademasters (Elf:3)
  3 quicksilver dragons (Zot:2)
  7 titans
  3 death cobs (Zot:2)
  An Executioner (Abyss:2)
  2 deep elf master archers (Elf:3)
  Frances (Swamp:1)
  A tentacled starspawn (Abyss:2)
  11 sphinxes
  Gastronok (D:8)
  3 draconian monks
  A thorn hunter (Swamp:2)
  Roxanne (Snake:3)
  14 tengu reavers
  5 storm dragons
  10 shadow dragons
  7 nagarajas (Snake:4)
  The ghost of Punkdog the Tortoise, an adept MiFi of Hepliaklqana (Elf:2)
  2 draconian knights
  11 fire giants
  2 ghost moths
  22 vault wardens
  5 iron dragons
  2 draconian scorchers
  6 draconian zealots
  6 deep elf sorcerers
  Aizul (Snake:3)
  A draconian shifter (Zot:2)
  A balrug (Abyss:2)
  15 frost giants
  7 deep elf elementalists
  4 spriggan defenders
  An orc warlord (Orc:1)
  Louise (Snake:3)
  5 draconian annihilators
  3 war gargoyles (Vaults:5)
  15 ironheart preservers
  A reaper (Depths:5)
  36 very ugly things
  21 stone giants
  2 draconian callers (Zot:1)
  The ghost of DemiseSR the Severer, a journeyman MiBe of Trog (D:14)
  6 vampire knights
  9 deep elf demonologists
  The ghost of gg19 the Sharpshooter, a journeyman CeHu of Trog (Lair:6)
  5 green draconians
  6 black draconians
  5 red draconians
  13 deep elf annihilators
  4 white draconians
  6 yellow draconians
  Azrael (Orc:2)
  2 mottled draconians (Zot:2)
  A green death (Abyss:2)
  A crystal guardian (Vaults:4)
  11 deep elf death magi
  4 purple draconians
  2 spark wasps (Depths:4)
  8 statues (Depths:2)
  An eidolon (Vaults:3)
  18 fire dragons
  21 ettins
  20 yaktaur captains
  12 great orbs of eyes
  An ice dragon (shapeshifter) (Depths:2)
  4 deep elf high priests
  3 jiangshi
  The ghost of deskach the Severer, a journeyman MiFi of Makhleb (Volcano)
  Harold (D:12)
  Josephine (Snake:1)
  9 rakshasas
  38 vault guards
  12 ice dragons
  25 hydras
  2 ghost crabs (Swamp:4)
  7 spriggan air magi
  Erolcha (D:11)
  A hell beast (Depths:1)
  16 naga warriors
  3 catoblepae (Lair:6)
  9 centaur warriors
  A death knight (Vaults:2)
  14 ogre magi
  13 alligators
  9 anacondas
  20 death yaks
  8 deep troll earth magi
  8 deep troll shamans
  6 tengu warriors
  26 dancing weapons
  A thrashing horror (Abyss:2)
  4 spriggan berserkers
  3 vampire magi
  14 shock serpents
  13 naga sharpshooters
  A storm dragon zombie (Depths:3)
  4 orc high priests (Orc:2)
  9 spriggans
  A fire crab (Lair:5)
  A soul eater (Depths:1)
  40 deep elf knights
  2 salamander mystics
  4 skeletal warriors (D:15)
  A fire crab (shapeshifter) (D:14)
  A sun demon (Depths:1)
  9 iron trolls
  A shadow wraith (Vaults:2)
  9 hell knights
  A golden dragon zombie (Depths:3)
  9 large abominations
  3 swamp dragons
  2 sea snakes (Snake:4)
  An unseen horror (shapeshifter) (Vaults:4)
  28 deep trolls
  A spriggan druid (Swamp:2)
  5 wizards
  A gelid demonspawn (Depths:5)
  A storm dragon skeleton (Vaults:5)
  6 unseen horrors
  4 glowing orange brains
  An infernal demonspawn (Depths:5)
  7 hill giants
  A deep troll (shapeshifter) (Vaults:5)
  22 deep elf archers
  A lindwurm (shapeshifter) (Depths:4)
  An orange crystal statue (Vaults:3)
  13 naga ritualists
  11 necromancers
  A torturous demonspawn (Depths:5)
  2 spectral hydras (Swamp:4)
  12 phantasmal warriors
  2 shambling mangroves
  14 ironbrand convokers
  13 orc knights
  4 flayed ghosts
  Pikel (D:8)
  79 deep elf magi
  An iron dragon zombie (Depths:3)
  A harpy (shapeshifter) (Depths:4)
  A wolf spider (Vaults:5)
  A wolf spider zombie (D:15)
  39 ugly things
  A mana viper (shapeshifter) (Vaults:5)
  An orb spider (shapeshifter) (Vaults:3)
  4 harpies (Vaults:3)
  5 orc sorcerers
  A shining eye (shapeshifter) (Vaults:2)
  11 moths of wrath
  17 mana vipers
  2 cyclopes (shapeshifter)
  A moth of wrath (shapeshifter) (Depths:4)
  A worldbinder (Abyss:2)
  3 oklob plants
  2 manticores
  A fire giant zombie (Depths:2)
  11 cyclopes
  Maurice (D:11)
  11 salamanders
  13 vault sentinels
  A torpor snail (shapeshifter) (Vaults:1)
  Joseph (D:8)
  5 centaur zombies
  2 ice statues (IceCv)
  3 molten gargoyles (Volcano)
  A black mamba (shapeshifter) (D:14)
  A fire giant skeleton (Vaults:5)
  7 elephants
  A centaur skeleton (D:15)
  2 guardian serpents (Snake:2)
  2 rust devils
  A yaktaur zombie (Vaults:5)
  38 black mambas
  Psyche (D:12)
  18 spiny frogs
  17 naga magi
  An orange demon (Abyss:2)
  2 gargoyles
  A titan simulacrum (Vaults:5)
  A rime drake (shapeshifter) (D:14)
  76 yaktaurs
  6 swamp worm zombies (Swamp:4)
  A tormentor (Abyss:2)
  9 komodo dragons
  5 freezing wraiths
  A komodo dragon (shapeshifter) (Depths:1)
  2 yaktaurs (shapeshifter)
  2 kobold demonologists
  13 rime drakes
  A yaktaur skeleton (Vaults:5)
  4 efreet
  An ancient zyme (Abyss:2)
  3 tengu conjurers
  A merfolk (shapeshifter) (Depths:4)
  7 trolls
  13 hornets
  A tengu simulacrum (Vaults:2)
  6 hydra zombies (Swamp:4)
  A polar bear (Lair:6)
  2 blink frogs (shapeshifter)
  4 tyrant leeches
  9 bog bodies
  A hornet (shapeshifter) (Vaults:2)
  20 two-headed ogres
  9 blink frogs (Lair:5)
  A human simulacrum (Vaults:3)
  A stone giant simulacrum (Depths:2)
  7 hippogriffs
  28 dream sheep
  4 spectral swamp dragons (Swamp:4)
  An alligator zombie (Swamp:4)
  A frost giant simulacrum (Vaults:2)
  An ice dragon zombie (Depths:1)
  40 slime creatures
  Sigmund (D:2)
  9 air elementals
  A basilisk (shapeshifter) (Vaults:3)
  An ettin skeleton (Depths:1)
  A ynoxinul (Abyss:2)
  6 wraiths
  3 shadows
  45 yaks
  4 wyverns
  2 basilisks
  11 water elementals
  A vampire (D:14)
  7 fire elementals
  A human (shapeshifter) (Depths:2)
  3 hungry ghosts
  5 chaos spawn (Depths:4)
  A mottled dragon (D:15)
  21 insubstantial wisps
  16 vampire mosquitoes
  An elf simulacrum (Depths:3)
  A naga (shapeshifter) (Vaults:3)
  9 wargs
  21 swamp worms
  41 nagas
  A hell hound (shapeshifter) (Depths:2)
  3 hell hounds (Orc:2)
  2 water moccasins (shapeshifter)
  7 porcupines
  17 water moccasins
  A floating eye (shapeshifter) (Vaults:2)
  45 orc warriors
  5 swamp drakes
  3 eyes of draining (shapeshifter)
  10 ice beasts
  A black bear (D:6)
  An ice dragon simulacrum (Depths:1)
  6 necrophages
  A swamp dragon zombie (Swamp:4)
  40 ogres
  7 sky beasts
  An ettin simulacrum (Depths:1)
  7 phantoms
  5 boggarts
  An ogre (shapeshifter) (Vaults:5)
  6 wolves
  15 centaurs
  15 crocodiles
  13 small abominations
  3 elf zombies
  The ghost of deskach the Conjurer, an amateur DECj (D:3)
  6 big kobolds
  4 earth elementals
  19 bullfrogs
  A gnoll sergeant (D:12)
  5 scorpions
  A tengu zombie (Depths:2)
  7 killer bees
  2 troll zombies (D:12)
  13 wights
  2 howler monkeys (D:13)
  12 electric eels
  8 crimson imps
  A starcursed mass (Abyss:2)
  2 bullfrog zombies
  A jelly (shapeshifter) (Depths:2)
  9 jellies
  4 bullfrog skeletons
  15 hounds
  26 orc priests
  34 orc wizards
  2 iron imps
  5 human zombies
  Jessica (D:2)
  2 human skeletons
  12 worker ants
  5 iguanas
  5 ogre zombies
  2 hound zombies (D:7)
  An ogre skeleton (D:15)
  2 hound skeletons
  Robin (D:2)
  A worker ant zombie (D:11)
  9 gnolls
  2 swamp drake zombies (Swamp:4)
  17 adders
  A river rat (shapeshifter) (Depths:4)
  4 shadow imps
  4 oozes
  An adder skeleton (D:7)
  2 worms
  A dart slug (D:2)
  2 leopard geckos
  106 orcs
  3 giant cockroaches
  12 goblins
  13 hobgoblins
  8 jackals
  7 quokkas
  5 ball pythons
  8 bats
  6 frilled lizards
  2 goblin zombies (D:12)
  A hobgoblin skeleton (D:12)
  A hobgoblin zombie (D:12)
  2 jackal zombies
  13 kobolds
  A leopard gecko skeleton (D:8)
  6 orc skeletons (D:12)
  10 orc zombies
  A quokka skeleton (D:6)
  A quokka zombie (D:7)
  9 rats
  A briar patch (Swamp:2)
  A butterfly (Lair:3)
  7 crawling corpses
  6 fire vortices
  39 fungi
  18 plants
  A starspawn tentacle (Abyss:2)
2537 creatures vanquished.

Vanquished Creatures (others)
  The ghost of mhoghedin the Spry, an adept HaHu of Trog (Elf:2)
  A tengu reaver (Depths:4)
  A fire giant (Depths:5)
  A ghost moth (Zot:2)
  2 stone giants (Depths:1)
  A deep elf high priest (Vaults:5)
  5 yaktaur captains
  A hydra (D:11)
  2 centaur warriors
  An ice dragon (Depths:4)
  A spriggan air mage (Depths:2)
  2 naga sharpshooters
  2 deep elf knights
  An unseen horror (Depths:4)
  A deep elf archer (Vaults:2)
  3 deep elf magi
  15 yaktaurs
  A golden eye (shapeshifter) (Depths:1)
  A vampire mosquito (Swamp:3)
  A naga (shapeshifter) (D:13)
  4 slaves (D:8)
  An ogre (Vaults:5)
  3 centaurs
  4 electric eels (D:8)
  2 orc priests (D:11)
  2 orc wizards
  An iguana (D:8)
  3 orcs
  6 briar patches (Swamp:2)
  A fire vortex (Depths:2)
  7 fungi
  22 plants
  3 starspawn tentacles (Abyss:2)
103 creatures vanquished.

Grand Total: 2640 creatures vanquished

Notes
Turn   | Place    | Note
-------+----------+-------------------------------------------
     0 | D:1      | gg19 the Troll Monk began the quest for the Orb.
     0 | D:1      | Reached XP level 1. HP: 22/22 MP: 0/0
   139 | D:1      | Reached XP level 2. HP: 27/29 MP: 1/1
   859 | D:2      | Reached XP level 3. HP: 35/36 MP: 2/2
   896 | D:2      | Reached skill level 4 in Unarmed Combat
   998 | D:1      | Reached XP level 4. HP: 16/44 MP: 3/3
  1254 | D:2      | Noticed Sigmund
  1265 | D:2      | Killed Sigmund
  1265 | D:2      | Reached skill level 6 in Unarmed Combat
  1265 | D:2      | Reached XP level 5. HP: 52/53 MP: 4/4
  1378 | D:2      | Noticed Jessica
  1381 | D:2      | Reached XP level 6. HP: 61/61 MP: 5/5
  1401 | D:2      | Killed Jessica
  1490 | D:2      | Noticed Robin
  1495 | D:2      | Killed Robin
  1805 | D:3      | Noticed deskach's ghost (amateur DECj)
  1823 | D:3      | Killed deskach's ghost
  1932 | D:3      | Reached skill level 7 in Unarmed Combat
  2030 | D:3      | Found a shadowy altar of Dithmenos.
  2574 | D:4      | Reached XP level 7. HP: 59/67 MP: 6/6
  2897 | D:4      | You fall through a shaft for 2 floors!
  2942 | D:6      | Reached skill level 8 in Unarmed Combat
  2955 | D:5      | Entered Level 5 of the Dungeon
  3305 | D:5      | Reached skill level 9 in Unarmed Combat
  3428 | D:5      | Reached XP level 8. HP: 58/75 MP: 7/7
  3896 | D:5      | Reached skill level 10 in Unarmed Combat
  4565 | D:6      | Gained mutation: You have an increased reservoir of magic. (+10% MP) [mutagenic meat]
  4566 | D:6      | Gained mutation: You are partially covered in large bone plates. (SH +4) [mutagenic meat]
  4567 | D:6      | Gained mutation: You have a pair of small horns on your head. [mutagenic meat]
  4569 | D:6      | Gained mutation: You are covered in thick fur. (AC +2) [mutagenic meat]
  4570 | D:6      | Gained mutation: You have a pair of horns on your head. [mutagenic meat]
  4603 | D:6      | Reached skill level 11 in Unarmed Combat
  5018 | D:6      | Reached XP level 9. HP: 70/84 MP: 8/8
  5127 | D:7      | Found a staircase to the Ecumenical Temple.
  5136 | Temple   | Entered the Ecumenical Temple
  5335 | Temple   | Became a worshipper of Qazlal Stormbringer
  5335 | Temple   | Reached * piety under Qazlal
  5335 | Temple   | Reached ** piety under Qazlal
  5507 | D:7      | Reached skill level 1 in Invocations
  5570 | D:7      | Found Yceroteg's Jewellery Boutique.
  5575 | D:7      | Bought a +4 ring of strength for 297 gold pieces
  5720 | D:7      | Reached skill level 12 in Unarmed Combat
  5986 | D:8      | Noticed Pikel
  5988 | D:8      | Killed Pikel
  5992 | D:8      | Identified Vehumet's Compendium of Battle Magic
  6150 | D:8      | Noticed Joseph
  6210 | D:8      | Killed Joseph
  6315 | D:8      | Reached skill level 5 in Fighting
  6536 | D:8      | Reached XP level 10. HP: 87/96 MP: 12/12
  6902 | D:8      | Noticed Gastronok
  6941 | D:8      | Killed Gastronok
  6941 | D:8      | Reached skill level 13 in Unarmed Combat
  7181 | D:8      | Reached *** piety under Qazlal
  7477 | D:8      | Found an ancient bone altar of Kikubaaqudgha.
  7780 | D:9      | Found Tejachix's Gadget Emporium.
  7791 | D:9      | Found Unaonuenu's Assorted Antiques.
  8022 | D:9      | Found Vugeoram's Weapon Shop.
  8110 | D:9      | Reached skill level 5 in Dodging
  8225 | D:9      | Bought a scroll of enchant armour for 232 gold pieces
  8301 | D:9      | Found Xaytappo's Weapon Shoppe.
  8447 | D:10     | Entered Level 10 of the Dungeon
  8703 | D:10     | Reached XP level 11. HP: 99/105 MP: 14/14
  8913 | D:10     | Reached **** piety under Qazlal
  9085 | D:10     | Noticed a three-headed hydra
  9094 | D:10     | Reached skill level 5 in Invocations
  9106 | D:10     | Killed an eight-headed hydra
  9561 | D:11     | Identified 2 scrolls of acquirement
  9640 | D:11     | Reached skill level 1 in Armour
  9684 | D:11     | Found a staircase to the Lair.
  9698 | D:11     | Noticed a hill giant
  9702 | D:11     | Noticed a hill giant
  9730 | D:11     | Killed a hill giant
  9730 | D:11     | Reached skill level 14 in Unarmed Combat
  9734 | D:11     | Killed a hill giant
  9901 | D:11     | Found Beol's Assorted Antiques.
  9919 | D:11     | Bought a scroll labeled WOTEUZINIWN for 26 gold pieces
  9919 | D:11     | Bought a sapphire potion for 23 gold pieces
  9924 | D:11     | Gained mutation: You have large cloven feet. [potion of beneficial mutation]
  9988 | D:11     | Noticed a four-headed hydra
 10012 | D:11     | Killed a five-headed hydra
 10097 | D:11     | Identified the Compendium of the Freezing Voyage
 10176 | D:11     | Killed an unseen horror
 10401 | D:12     | Noticed Erolcha
 10401 | D:12     | Noticed a hill giant
 10408 | D:12     | Noticed Maurice
 10413 | D:11     | Killed Erolcha
 10413 | D:11     | Reached XP level 12. HP: 117/118 MP: 17/17
 10436 | D:11     | Killed Maurice
 10436 | D:11     | Reached ***** piety under Qazlal
 10545 | D:12     | Noticed Psyche
 10553 | D:12     | Killed Psyche
 10605 | D:12     | Reached skill level 15 in Unarmed Combat
 10777 | D:12     | Noticed Harold
 10792 | D:12     | Noticed a seven-headed hydra
 10809 | D:12     | Killed Harold
 10828 | D:12     | Killed a nine-headed hydra
 10981 | D:12     | Found a staircase to the Orcish Mines.
 11291 | D:13     | Found Wiaf's Book Emporium.
 11329 | D:13     | Noticed a centaur warrior
 11338 | D:13     | Killed a centaur warrior
 11458 | D:13     | Noticed a four-headed hydra
 11463 | D:13     | Killed a seven-headed hydra
 11463 | D:13     | Reached skill level 5 in Armour
 11463 | D:13     | Reached XP level 13. HP: 101/127 MP: 19/19
 11993 | Lair:1   | Entered Level 1 of the Lair of Beasts
 12060 | Lair:1   | Reached skill level 16 in Unarmed Combat
 12186 | Lair:1   | Reached ****** piety under Qazlal
 12439 | Lair:1   | Identified the Tome of the Five Blessings
 13834 | Lair:3   | Found a staircase to the Swamp.
 14025 | Lair:3   | Found a staircase to the Snake Pit.
 14477 | Lair:4   | Found a dark tunnel.
 14486 | Volcano  | Entered a volcano
 14486 | Volcano  | Noticed deskach's ghost (journeyman MiFi)
 14500 | Volcano  | Killed deskach's ghost
 14518 | Volcano  | Reached XP level 14. HP: 121/140 MP: 21/21
 14720 | Lair:4   | Reached skill level 17 in Unarmed Combat
 16005 | Lair:6   | Entered Level 6 of the Lair of Beasts
 16267 | Lair:6   | Noticed gg19's ghost (journeyman CeHu)
 16329 | Lair:6   | Killed gg19's ghost
 16329 | Lair:6   | Reached skill level 10 in Fighting
 16384 | Lair:6   | Found a staircase to the Slime Pits.
 16747 | Lair:6   | Reached skill level 10 in Invocations
 16804 | Lair:6   | Reached skill level 18 in Unarmed Combat
 16819 | Lair:6   | Reached XP level 15. HP: 135/149 MP: 23/23
 17417 | Orc:1    | Entered Level 1 of the Orcish Mines
 17822 | Orc:2    | Entered Level 2 of the Orcish Mines
 17833 | Orc:2    | Noticed Azrael
 17862 | Orc:2    | Killed Azrael
 18123 | Orc:2    | Noticed an orc warlord
 18184 | Orc:1    | Killed an orc warlord
 18894 | Orc:2    | Found a staircase to the Elven Halls.
 18982 | Orc:2    | Found Qumoit's Antique Armour Shoppe.
 18983 | Orc:2    | Found Xieran's Antique Weapon Shoppe.
 18984 | Orc:2    | Found Alotazxie's General Store.
 18984 | Orc:2    | Found Beal's Book Emporium.
 19008 | Orc:2    | Bought a potion of beneficial mutation for 525 gold pieces
 19008 | Orc:2    | Gained mutation: You are resistant to hostile enchantments. (MR+) [potion of beneficial mutation]
 19419 | D:14     | Noticed DemiseSR's ghost (journeyman MiBe)
 19422 | D:14     | Found a gate to the Vaults.
 19443 | D:14     | Killed DemiseSR's ghost
 19648 | D:14     | Found a blossoming altar of Fedhas.
 20192 | D:15     | Entered Level 15 of the Dungeon
 20351 | D:15     | Reached skill level 19 in Unarmed Combat
 20515 | D:15     | Reached XP level 16. HP: 141/162 MP: 25/25
 20558 | D:15     | Found a staircase to the Depths.
 20672 | D:15     | Found a frozen archway.
 20684 | IceCv    | Entered an ice cave
 21057 | D:15     | Found a basalt altar of Yredelemnul.
 21255 | Swamp:1  | Entered Level 1 of the Swamp
 21290 | Swamp:1  | Noticed Frances
 21300 | Swamp:1  | Killed Frances
 21458 | Swamp:1  | You fall through a shaft!
 21514 | Swamp:2  | Noticed a thorn hunter
 21539 | Swamp:2  | Killed a thorn hunter
 21943 | Swamp:1  | Identified the Volume of Icy Displacement
 22472 | Swamp:3  | Reached skill level 10 in Armour
 22811 | Swamp:3  | Identified Sif Muna's Collected Works on Fire
 23066 | Swamp:4  | Entered Level 4 of the Swamp
 23191 | Swamp:4  | Reached XP level 17. HP: 155/172 MP: 27/27
 23420 | Swamp:4  | Noticed a bone dragon
 23440 | Swamp:4  | Killed a bone dragon
 23523 | Swamp:4  | Got a decaying rune of Zot
 23981 | Snake:1  | Entered Level 1 of the Snake Pit
 24468 | Snake:1  | Noticed Josephine
 24477 | Snake:1  | Reached skill level 20 in Unarmed Combat
 24481 | Snake:1  | Killed Josephine
 25289 | Snake:2  | Found Sonun's Antique Weapon Emporium.
 25431 | Snake:2  | Found Harutoci's Weapon Emporium.
 25431 | Snake:2  | Found Keowebumo's Distillery.
 25436 | Snake:2  | Found Hyosu's Gadget Shoppe.
 25454 | Snake:2  | Bought a potion of haste for 180 gold pieces
 25454 | Snake:2  | Bought a potion of berserk rage for 90 gold pieces
 25454 | Snake:2  | Bought a potion of haste for 180 gold pieces
 25454 | Snake:2  | Bought a potion of curing for 54 gold pieces
 25454 | Snake:2  | Bought a potion of heal wounds for 90 gold pieces
 25454 | Snake:2  | Bought a potion of curing for 54 gold pieces
 25454 | Snake:2  | Bought a potion of heal wounds for 90 gold pieces
 25454 | Snake:2  | Bought a potion of heal wounds for 90 gold pieces
 25454 | Snake:2  | Bought a potion of agility for 72 gold pieces
 25489 | Snake:2  | Found Taomam's Distillery.
 25497 | Snake:2  | Bought a potion of haste for 150 gold pieces
 25497 | Snake:2  | Bought a potion of haste for 150 gold pieces
 26262 | Snake:3  | Noticed Aizul
 26372 | Snake:3  | Killed Aizul
 26479 | Snake:3  | Noticed Louise
 26485 | Snake:3  | Cast into level 2 of the Abyss (Louise)
 26485 | Abyss:2  | Found a corrupted altar of Lugonu.
 26554 | Abyss:2  | Reached XP level 18. HP: 71/184 MP: 29/29
 26652 | Snake:3  | Escaped the Abyss
 27066 | Snake:3  | Killed Louise
 27271 | Snake:3  | Noticed Vashnia
 27280 | Snake:3  | Killed Vashnia
 27590 | Snake:3  | Noticed Roxanne
 27605 | Snake:3  | Killed Roxanne
 27770 | Snake:3  | Found Imour's Gadget Emporium.
 27771 | Snake:3  | Found Pucituo's Jewellery Boutique.
 27774 | Snake:3  | Found Fulus's Gadget Emporium.
 27862 | Snake:4  | Entered Level 4 of the Snake Pit
 28591 | Snake:4  | Got a serpentine rune of Zot
 28736 | Snake:4  | Reached XP level 19. HP: 176/193 MP: 31/31
 29294 | Vaults:1 | Entered Level 1 of the Vaults
 29901 | Vaults:1 | Reached skill level 10 in Dodging
 29901 | Vaults:1 | Reached skill level 21 in Unarmed Combat
 30882 | Vaults:2 | Reached XP level 20. HP: 201/206 MP: 32/32
 31127 | Vaults:2 | Found Rueloak's Book Shoppe.
 31142 | Vaults:2 | Found Gomuth's Jewellery Boutique.
 31150 | Vaults:2 | Bought the ring of Hach {+Blink rPois Int-5 Stlth+} for 352 gold pieces
 31163 | Vaults:2 | Found Sex Wox's Food Boutique.
 32324 | Vaults:3 | Found a staircase to the Crypt.
 33102 | Vaults:4 | Noticed Frederick
 33117 | Vaults:4 | Killed Frederick
 33413 | Vaults:4 | Reached skill level 15 in Invocations
 33426 | Vaults:4 | Reached XP level 21. HP: 212/215 MP: 34/34
 33540 | Vaults:4 | Reached skill level 1 in Shields
 34630 | Depths:1 | Entered Level 1 of the Depths
 34631 | Depths:1 | Noticed Sojobo
 34643 | Depths:1 | Killed Sojobo
 35051 | Depths:1 | Reached skill level 15 in Fighting
 35154 | Depths:1 | Reached skill level 22 in Unarmed Combat
 35158 | Depths:1 | Found a gateway to Hell.
 35609 | Depths:2 | Noticed the Enchantress
 35688 | Depths:2 | Killed the Enchantress
 35885 | Depths:3 | Reached skill level 5 in Shields
 35885 | Depths:3 | Reached XP level 22. HP: 63/227 MP: 29/36
 35910 | Depths:3 | Noticed a caustic shrike
 35916 | Depths:3 | Killed a caustic shrike
 35940 | Depths:3 | Noticed an ancient lich
 35964 | Depths:3 | Killed an ancient lich
 35988 | Depths:3 | Gained mutation: You possess an exceptional clarity of mind. [potion of beneficial mutation]
 36137 | Depths:3 | Noticed a caustic shrike
 36148 | Depths:3 | Killed a caustic shrike
 36151 | Depths:3 | Noticed a caustic shrike
 36152 | Depths:3 | Noticed a golden dragon
 36160 | Depths:3 | Noticed a caustic shrike
 36161 | Depths:3 | Noticed a caustic shrike
 36965 | Depths:2 | Found a radiant altar of Vehumet.
 36987 | Depths:2 | Noticed Boris
 36994 | Depths:2 | Killed Boris
 37790 | Depths:2 | Killed a caustic shrike
 37798 | Depths:2 | Killed a caustic shrike
 37978 | Depths:2 | Killed a caustic shrike
 38003 | Depths:3 | Killed a golden dragon
 38374 | Depths:3 | Reached skill level 15 in Armour
 38402 | Depths:3 | Reached XP level 23. HP: 237/237 MP: 37/37
 38551 | Depths:3 | Found a gateway to a ziggurat.
 38984 | Depths:3 | Found a one-way gate leading to the halls of Pandemonium.
 39244 | Depths:4 | Found a one-way gate to the infinite horrors of the Abyss.
 40110 | Depths:4 | Noticed a juggernaut
 40127 | Depths:4 | Killed a juggernaut
 40127 | Depths:4 | Reached skill level 23 in Unarmed Combat
 40148 | Depths:4 | Noticed a juggernaut
 40424 | Depths:4 | Killed a juggernaut
 40622 | Depths:4 | Noticed a juggernaut
 40652 | Depths:4 | Killed a juggernaut
 40666 | Depths:4 | Reached XP level 24. HP: 132/250 MP: 38/38
 41390 | Depths:5 | Entered Level 5 of the Depths
 41390 | Depths:5 | Noticed a juggernaut
 41402 | Depths:5 | Killed a juggernaut
 41410 | Depths:5 | Found Guixt's Food Shop.
 42034 | Depths:5 | Found a gate to the Realm of Zot.
 42098 | Depths:5 | Got a glittering pewter ring
 42100 | Depths:5 | Identified the ring "Cexusoli" {rC+ MR+ Str+4 Stlth+} (You acquired it on level 5 of the Depths)
 42189 | Depths:5 | Got a slimy wooden ring
 42191 | Depths:5 | Identified the ring "Ereop" {rF- Int+8 Dex+5 SInv} (You acquired it on level 5 of the Depths)
 42733 | Vaults:5 | Entered Level 5 of the Vaults
 42733 | Vaults:5 | Noticed chequers's ghost (adept TrMo)
 42735 | Vaults:5 | Reached skill level 10 in Shields
 42753 | Vaults:5 | Killed chequers's ghost
 42792 | Vaults:5 | Reached XP level 25. HP: 142/261 MP: 31/38
 42801 | Vaults:5 | Noticed an ancient lich
 42803 | Vaults:5 | Noticed Mara
 43026 | Vaults:5 | Killed an ancient lich
 43047 | Vaults:5 | Noticed gg19's illusion
 43048 | Vaults:5 | Killed Mara
 43916 | Vaults:5 | Reached skill level 24 in Unarmed Combat
 44021 | Vaults:5 | Found Pyjaote's General Store.
 44426 | Vaults:5 | Noticed an ancient lich
 44448 | Vaults:5 | Killed an ancient lich
 44965 | Vaults:5 | Got a silver rune of Zot
 45708 | Elf:1    | Entered Level 1 of the Elven Halls
 45716 | Elf:1    | Reached XP level 26. HP: 269/269 MP: 38/38
 45969 | Elf:1    | Found Veud's Assorted Antiques.
 45975 | Elf:1    | Bought 2 scrolls of teleportation for 168 gold pieces
 46373 | Elf:2    | Found a runed gate.
 46373 | Elf:2    | Found a runed gate.
 46373 | Elf:2    | Found a runed gate.
 46598 | Elf:2    | Found a radiant altar of Vehumet.
 46760 | Elf:2    | Noticed Punkdog's ghost (adept MiFi)
 46771 | Elf:2    | Noticed mhoghedin's ghost (adept HaHu)
 46823 | Elf:2    | Killed mhoghedin's ghost
 46824 | Elf:2    | Killed Punkdog's ghost
 47223 | Elf:3    | Entered Level 3 of the Elven Halls
 47234 | Elf:3    | Reached skill level 15 in Shields
 47637 | Elf:3    | Got a smoking iron ring
 47705 | Elf:3    | Got a shimmering lead ring
 47706 | Elf:3    | Identified the ring of Wihadac {rN+ Int+4} (You took it off a deep elf death mage on level 3 of the Elven Halls)
 47708 | Elf:3    | Identified the cursed ring "Plog" {rPois rF- rC+ Int-2} (You found it on level 3 of the Elven Halls)
 47749 | Elf:3    | Got a steaming golden ring
 48682 | Zot:1    | Entered Level 1 of the Realm of Zot
 49442 | Zot:1    | Reached XP level 27. HP: 263/276 MP: 38/38
 50436 | Zot:2    | Killed from afar by a yellow draconian zealot

Skill      XL: |  1  2  3  4  5  6  7  8  9 10 11 12 13 14 15 16 17 18 19 20 21 22 23 24 25 26 |
---------------+-------------------------------------------------------------------------------+-----
Unarmed Combat | 4 6 7 9 11 12 13 14 15 16 18 19 20 21 22 23 24 | 24.4
Fighting       | 3 5 6 7 8 9 10 11 12 13 14 15 16 17 18 | 18.3
Invocations    | 2 4 6 7 8 10 11 12 13 14 15 16 17 18 | 18.8
Dodging        | 3 5 6 8 9 10 11 12 13 14 | 14.8
Armour         | 2 5 6 7 9 10 11 12 13 14 15 | 15.6
Shields        | 5 7 8 10 12 16 | 16.2
Stealth        | |  1.0

Action                   |  1- 3 |  4- 6 |  7- 9 | 10-12 | 13-15 | 16-18 | 19-21 | 22-24 | 25-27 || total
-------------------------+-------+-------+-------+-------+-------+-------+-------+-------+-------++-------
Melee: Unarmed           |    78 |   177 |   242 |   520 |  1083 |  1275 |  1381 |  1123 |  1247 ||  7126
       Punch             |     1 |     6 |    11 |    28 |    61 |   108 |   130 |   111 |       ||   456
       Headbutt          |       |       |    27 |   118 |   260 |   343 |   404 |   376 |   386 ||  1914
       Kick              |       |       |       |    99 |   452 |   524 |   637 |   614 |   580 ||  2906
Invok: Upheaval          |       |       |       |     1 |     9 |    13 |     3 |     6 |     1 ||    33
       Disaster Area     |       |       |       |       |     1 |     1 |       |     9 |     6 ||    17
Evoke: Wand              |       |       |       |     4 |       |     2 |       |       |     4 ||    10
  Use: Scroll            |       |     4 |     7 |    21 |     7 |     5 |     6 |    16 |    17 ||    83
       Potion            |       |       |       |     2 |     1 |     4 |    13 |    18 |     4 ||    42
 Stab: Sleeping          |     2 |     4 |     2 |       |       |       |       |       |       ||     8
       Invisible         |       |       |       |     5 |       |       |       |     4 |     2 ||    11
       Paralysed         |       |       |       |     2 |       |       |       |       |       ||     2
       Confused          |       |       |       |       |       |     3 |       |       |     2 ||     5
       Distracted        |       |       |       |       |       |       |     1 |     1 |     1 ||     3
  Eat: Chunk             |    12 |    17 |    40 |    60 |    82 |    51 |    71 |    37 |    26 ||   396
       Fruit             |       |       |       |       |       |    20 |     2 |    21 |    28 ||    71
       Beef jerky        |       |       |       |       |       |       |       |       |     9 ||     9
       Royal jelly       |       |       |       |       |       |       |       |       |     4 ||     4
       Pizza             |       |       |       |       |       |       |       |       |     1 ||     1
Armor: Robe              |    46 |    77 |    57 |    34 |       |       |       |       |       ||   214
       Gold dragon scale |       |       |       |   190 |   373 |   621 |   344 |   376 |   272 ||  2176
Dodge: Dodged            |    52 |    83 |    82 |   106 |   174 |   208 |   254 |   273 |   171 ||  1403
       Deflected         |       |       |       |     5 |    12 |    39 |    34 |    41 |    35 ||   166
Block: Other             |       |       |    14 |   351 |   725 |  1026 |   739 |   516 |       ||  3371
       Reflection        |       |       |       |    26 |    24 |    84 |   103 |    87 |    28 ||   352
       Shield            |       |       |       |       |       |       |       |   170 |   598 ||   768
       Large shield      |       |       |       |       |       |       |       |       |   466 ||   466
